 Dungeon Crawl Stone Soup version 0.24.0-37-gcf1ca852f1 (webtiles) character file.

Game seed: 8937203569040292576, levelgen mode: deterministic

263 sankara the Conjurer (level 5, -6/38 HPs)
             Began as a Draconian Conjurer on Dec 4, 2019.
             Mangled by a centaur (7 damage)
             ... on level 4 of the Dungeon.
             The game lasted 00:11:45 (4738 turns).

sankara the Conjurer (Draconian Conjurer)           Turns: 4738, Time: 00:11:46

Health: -6/38      AC:  7    Str: 11    XL:     5   Next: 97%
Magic:  0/8        EV: 14    Int: 16    God:
Gold:   229        SH:  0    Dex: 15    Spells: 4/8 levels left

rFire    . . .     SeeInvis .   h - +0 dagger
rCold    . . .     Gourm    .   (no shield)
rNeg     . . .     Faith    .   (armour unavailable)
rPois    .         Spirit   .   (helmet restricted)
rElec    .         Reflect  .   (no cloak)
rCorr    .         Harm     .   w - +0 pair of gloves
MR       +....                  v - +0 pair of boots
Stlth    ++........             (no amulet)
HPRegen  0.12/turn              f - ring of protection from magic
MPRegen  0.11/turn              g - +4 ring of dexterity

@: no status effects
A: unfitting armour, cold-blooded, AC +5
a: no special abilities


You were on level 4 of the Dungeon.
You were not hungry.

You visited 1 branch of the dungeon, and saw 4 of its levels.

You collected 229 gold pieces.

Inventory:

Hand Weapons
 h - a +0 dagger (weapon)
 l - a +0 hunting sling
Missiles
 p - 66 stones (quivered)
Armour
 j - a +0 shield
 v - a +0 pair of boots (worn)
 w - a +0 pair of gloves (worn)
Jewellery
 f - a ring of protection from magic (left hand)
 g - a +4 ring of dexterity (right hand)
 m - an uncursed ring of positive energy
 s - an uncursed amulet of rage {unknown}
Scrolls
 a - 2 scrolls of blinking {unknown}
 c - 2 scrolls of identify {unknown}
 d - 2 scrolls of immolation {unknown}
 e - 2 scrolls of random uselessness {unknown}
 i - a scroll of enchant weapon {unknown}
 n - 2 scrolls of enchant armour {unknown}
 q - 2 scrolls of remove curse {unknown}
 r - a scroll of magic mapping {unknown}
 t - a scroll of fear {unknown}
 u - a scroll of noise {unknown}
Potions
 k - 3 potions of curing {unknown}
 o - a potion of degeneration {unknown}
 x - a potion of lignification {unknown}
 z - a potion of flight {unknown}
Comestibles
 b - 5 rations


   Skills:
 + Level 3.5 Dodging
 - Level 1.7 Stealth
 - Level 2.0 Spellcasting
 * Level 6.4 Conjurations


You had 4 spell levels left.
You knew the following spells:

 Your Spells              Type           Power        Failure   Level  Hunger
a - Magic Dart            Conj           ###.         1%          1    #......
b - Dazzling Spray        Conj/Hex       ##....       17%         3    ###....

Your spell library contained the following spells:

 Spells                   Type           Power        Failure   Level  Hunger
 Searing Ray              Conj           ###...       2%          2    ###....
 Iskenderun's Mystic Bla  Conj           ###.....     14%         4    #####..
 Force Lance              Conj/Tloc      ##......     50%         4    #####..
 Fulminant Prism          Conj/Hex       ##........   50%         4    #####..


Dungeon Overview and Level Annotations

Branches:
Dungeon (4/15)
 Temple: D:4-7

Altars:
Kikubaaqudgha


Innate Abilities, Weirdness & Mutations

Your plain brown scales are hard. (AC +5)
You cannot fit into any form of body armour.
You are cold-blooded and may be slowed by cold attacks.


Message History

The centaur is severely wounded.
The centaur hits you but does no damage. x2
You closely miss the centaur.
The centaur is heavily wounded.
The centaur misses you.
You completely miss the centaur.
The centaur is heavily wounded.
The centaur barely misses you. The centaur completely misses you.
You barely miss the centaur.
The centaur is heavily wounded.
The centaur barely misses you.
Casting: Dazzling Spray (safe; 17% risk of failure)
Confirm with . or Enter, or press ? or * to list all spells.
Aiming: Magic Dart (safe; 1% risk of failure)
Press: ? - help, Shift-Dir - straight line, f/p - centaur
Aim: a centaur (heavily wounded, unusually agile)
The magic dart hits the centaur.
The centaur is severely wounded.
The centaur barely misses you. The centaur hits you!
You die...

#..##..##..###..##..####.##
##..##..###♣♣♣♣♣♣##..####'##
.......................#...####
...........♣♣♣♣♣ ......#......##
######..##...# .##.##.##......#
#######..########+#####.##+......
.........#.....#.....#....<.....#
.........#....(#.....#......#####
.........#.[...(@c...#......#
...##....##....#.....#......#
...##....##....#.....#........
...##....##..####.##.####...##..
...#.....##..# .# # #...# #
...##...^##..# .. ....#
...##....##..# ... ....#
...##....'...# ... ...##....#...#


You could see a centaur.

Vanquished Creatures
  A scorpion (D:4)
  A hound (D:3)
  A bullfrog skeleton (D:4)
  7 adders
  An ooze (D:3)
  3 worms
  A dart slug (D:2)
  6 leopard geckos
  6 orcs (D:3)
  A ball python (D:1)
  4 giant cockroaches
  8 hobgoblins
  4 jackals (D:1)
  8 kobolds
  A quokka (D:2)
  2 frilled lizards
  7 goblins
  3 rats (D:2)
65 creatures vanquished.

Vanquished Creatures (others)
  A human (D:2)
1 creature vanquished.

Grand Total: 66 creatures vanquished

Notes
Turn   | Place    | Note
-------+----------+-------------------------------------------
     0 | D:1      | sankara the Draconian Conjurer began the quest for the Orb.
     0 | D:1      | Reached XP level 1. HP: 14/14 MP: 3/3
   524 | D:1      | Reached XP level 2. HP: 19/20 MP: 1/5
   833 | D:2      | Reached XP level 3. HP: 21/26 MP: 2/6
  1283 | D:2      | Learned a level 3 spell: Dazzling Spray
  1366 | D:2      | Reached skill level 5 in Conjurations
  1475 | D:2      | Found an ancient bone altar of Kikubaaqudgha.
  1475 | D:2      | Noticed a human
  1480 | D:2      | Killed a human
  2078 | D:3      | Reached XP level 4. HP: 33/33 MP: 1/7
  3165 | D:3      | Reached XP level 5. HP: 38/38 MP: 3/8
  4186 | D:4      | Reached skill level 6 in Conjurations
  4603 | D:4      | Noticed a centaur
  4733 | D:4      | HP: 1/38 [centaur (6)]
  4738 | D:4      | Mangled by a centaur

Levels and vault maps discovered:
D:1:      matt_arrival_spirals, layout_rooms
D:2:      layout_loops_ring, tgw_kikubaaqudgha
D:3:      layout_rooms, minmay_crystal_room, minmay_unequal
D:4:      layout_gridville, grunt_temple_overflow_open, serial_forest,
          infiniplex_forest_corner_2, infiniplex_forest_clump_tiny,
          infiniplex_forest_end_2, infiniplex_forest_straight_2,
          infiniplex_forest_end_2, infiniplex_forest_end_3,
          uniq_crazy_yiuf_cottage, uniq_pikel

Skill      XL: |  1  2  3  4  5 |
---------------+----------------+-----
Dodging        | 2 3 |  3.5
Conjurations   | 5 6 |  6.4
Stealth        | |  1.7
Spellcasting   | |  2.0

Action                   |  1- 3 |  4- 6 || total
-------------------------+-------+-------++-------
Melee: Unarmed           |    14 |       ||    14
       Dagger            |    50 |   102 ||   152
       Tailslap          |     3 |    13 ||    16
 Cast: Magic Dart        |    69 |    69 ||   138
       Dazzling Spray    |       |    10 ||    10
 Stab: Sleeping          |     4 |     1 ||     5
       Invisible         |       |     1 ||     1
  Eat: Chunk             |     5 |     5 ||    10
       Ration            |       |     2 ||     2
Armor: Skin              |    15 |    21 ||    36
Dodge: Dodged            |    52 |    74 ||   126
